 Dungeon Crawl Stone Soup version 0.29.1-2-gbd0b4ee654 (webtiles) character file.

Game seed: 5305780093466909211

58384 GitaneMais the Tortoise (level 14, -14/90 HPs)
             Began as a Gargoyle Fighter on Oct 28, 2022.
             Was the Champion of the Shining One.
             Demolished by an ice devil (18 damage)
             ... summoned by an orc high priest
             ... on level 2 of the Orcish Mines.
             The game lasted 00:47:50 (17354 turns).

GitaneMais the Tortoise (Gargoyle Fighter)         Turns: 17354, Time: 00:48:20

Health: -14/90     AC: 38    Str: 31    XL:     14   Next: 90%
Magic:  21/21      EV: 12    Int:  9    God:    the Shining One [******]
Gold:   1823       SH:  0    Dex: 15    Spells: 13/13 levels left

rFire   . . .      SeeInvis .   Q - +10 dark maul {vorpal}
rCold   x . .      Faith    .   (shield currently unavailable)
rNeg    + + +      Spirit   .   H - +12 chain mail of Death's Door {rC- rN+ Will+ Str+6}
rPois   ∞          Reflect  .   P - +0 helmet
rElec   +          Harm     .   q - +1 cloak
rCorr   .          Rampage  .   x - +2 pair of gloves
Will    ++...                   W - +1 pair of boots
Stlth   ..........              k - amulet of regeneration
HPRegen 1.05/turn               U - +6 ring of dexterity
MPRegen 0.17/turn               n - +4 ring of slaying

@: corroded, flying, glowing
A: sickness immunity, AC +10, big wings, negative energy resistance 1,
electricity resistance, torment resistance 1, petrification resistance
a: Renounce Religion, Divine Shield, Cleansing Flame, Summon Divine Warrior,
Brand Weapon With Holy Wrath


You were on level 2 of the Orcish Mines.
You worshipped the Shining One.
The Shining One was exalted by your worship.
You visited 4 branches of the dungeon, and saw 21 of its levels.

You collected 1823 gold pieces.

Inventory:

Hand Weapons
 F - a +4 mace
 Q - the +10 dark maul (weapon) {vorpal}
   (You took it off a two-headed ogre on level 12 of the Dungeon)

   It inflicts extra damage upon your enemies.
Missiles
 C - 2 throwing nets (quivered)
 E - 19 poisoned darts
Armour
 c - a +0 buckler
 m - a +0 plate armour
 q - a +1 cloak (worn)
 x - a +2 pair of gloves (worn)
 H - the +12 chain mail of Death's Door (worn) {rC- rN+ Will+ Str+6}
   (You found it on level 8 of the Dungeon)

   Str:       It affects your strength (+6).
   rC:        It makes you vulnerable to cold.
   rN:        It protects you from negative energy.
   Will:      It increases your willpower.
 P - a +0 helmet (worn)
 W - a +1 pair of boots (worn)
Jewellery
 k - an amulet of regeneration (around neck)
 n - a +4 ring of slaying (right hand)
 z - a ring of fire
 L - a ring of wizardry
 U - a +6 ring of dexterity (left hand)
Wands
 v - a wand of flame (64)
 y - a wand of paralysis (15)
 G - a wand of roots (13)
 M - a wand of quicksilver (5)
 S - a wand of mindburst (2)
Scrolls
 b - 4 scrolls of teleportation
 g - 2 scrolls of silence
 i - 4 scrolls of torment
 j - 13 scrolls of identify
 o - 3 scrolls of immolation
 w - a scroll of amnesia
 A - 3 scrolls of enchant armour
 I - a scroll of summoning
 J - 3 scrolls of poison
 O - 3 scrolls of enchant weapon
Potions
 d - 3 potions of might
 e - 3 potions of degeneration
 h - a potion of resistance {unknown}
 l - a potion of flight {unknown}
 p - 4 potions of mutation
 r - 7 potions of curing
 t - 3 potions of heal wounds
 B - 2 potions of haste
 D - a potion of lignification {unknown}
 K - 3 potions of brilliance {unknown}
 N - a potion of ambrosia {unknown}
 V - 2 potions of cancellation {unknown}


   Skills:
 + Level 11.5 Fighting
 * Level 14.1 Maces & Flails
 * Level 15.6 Armour
 + Level 5.7 Dodging
 - Level 8.6 Shields
 + Level 10.1 Invocations


You had 13 spell levels left.
You didn't know any spells.
Your spell library contained the following spells:

 Spells                   Type           Power      Damage    Failure   Level
 Beastly Appendage        Tmut           0%         N/A       77%         1
 Sandblast                Erth           0%         2d4       77%         1
 Slow                     Hex            0%         N/A       77%         1
 Ensorcelled Hibernation  Hex/Ice        0%         N/A       88%         2
 Passwall                 Tmut/Erth      0%         N/A       88%         2
 Wereblood                Tmut           0%         N/A       88%         2
 Confusing Touch          Hex            0%         N/A       98%         3
 Ignite Poison            Fire/Tmut/Pois 0%         N/A       98%         3
 Mephitic Cloud           Conj/Pois/Air  0%         N/A       98%         3
 Spider Form              Tmut/Pois      0%         N/A       98%         3
 Stone Arrow              Conj/Erth      0%         3d7       98%         3
 Vampiric Draining        Necr           0%         2d6       98%         3
 Anguish                  Hex/Necr       0%         N/A       100%        4
 Freezing Cloud           Conj/Ice/Air   0%         6-21      100%        5
 Iskenderun's Battlesphe  Conj           0%         2d6       100%        5
 Iron Shot                Conj/Erth      0%         9d1       100%        6
 Spellforged Servitor     Conj/Summ      0%         N/A       100%        7


Dungeon Overview and Level Annotations

Branches:
Dungeon (13/15)            Temple (1/1) D:5            Lair (5/5) D:8
  Swamp (0/4) Lair:2       Spider (0/4) Lair:2        Slime (0/5) Lair:5
    Orc (2/2) D:11            Elf (0/3) Orc:2
 Vaults: D:13-14

Altars:
Ashenzari
Cheibriados
Dithmenos
Elyvilon
Fedhas
Gozag
Kikubaaqudgha
Makhleb
Nemelex Xobeh
Okawaru
Qazlal
Ru
Trog
Uskayaw
Vehumet
Wu Jian
Xom
Yredelemnul
Zin
The Shining One
Jiyva

Shops:
Orc:2 *

Annotations:
D:4 1 runed translucent door, Crazy Yiuf
D:9 exclusion: ice statue
Orc:1 2 transporters


Innate Abilities, Weirdness & Mutations

You are immune to sickness and miasma.
Your stone body is resilient. (AC +10)
You are immune to poison.
Your large and strong wings let you fly.
You resist negative energy. (rN+)
You are resistant to electric shocks. (rElec)
You are resistant to unholy torment.
You are immune to petrification.


Message History

The hellwing hits you but does no damage. x2
The orc priest invokes the aid of Beogh against you.
You resist with almost no effort.
The orc high priest hits you from afar with a +0 halberd.
The hellwing hits you but does no damage.
The hellwing closely misses you.
You crush the orc priest like a grape!!!!
You kill the orc priest!
The Shining One accepts your kill.
The orc high priest hits you but does no damage.
The hellwing barely misses you. The hellwing hits you.
* * * LOW HITPOINT WARNING * * *
The orc high priest hits you from afar with a +0 halberd!
* * * LOW HITPOINT WARNING * * *
The hellwing hits you but does no damage.
The hellwing misses you.
The orc high priest hits you from afar with a +0 halberd!
* * * LOW HITPOINT WARNING * * *
You feel much better. The hellwing closely misses you.
The hellwing barely misses you.
The orc high priest prays to Beogh.
The hellwing attacks as you move away! The hellwing barely misses you.
The hellwing hits you.
* * * LOW HITPOINT WARNING * * *
The orc high priest hits you with a +0 halberd!
* * * LOW HITPOINT WARNING * * *
Items here: ))) [ †.
You barely miss the orc high priest. The hellwing misses you.
The hellwing hits you but does no damage.
The orc high priest hits you with a +0 halberd.
* * * LOW HITPOINT WARNING * * *
The hellwing hits you.
* * * LOW HITPOINT WARNING * * *
The hellwing hits you but does no damage.
The orc high priest hits you with a +0 halberd!
* * * LOW HITPOINT WARNING * * *
The ice devil hits you. The Shining One protects you from harm!
The ice devil freezes you!!
You feel a terrible chill!
You die...

.## #### .... ..#
#..## .#.. .##
##.......... ##
##.#...#..... #
#...................
# ..................
# #........>.......
# #4##............ #
##@###...........
#.4o#............
##4.O..4.........
##......$....oo..
###................
##..................
#.................##
##...............##
###............##


You could see an orc high priest (strong), a hellwing (summoned), an ice devil
(summoned), a chaos spawn (summoned) and an ogre (wandering).

Vanquished Creatures
  Gastronok (Lair:1)
  An ettin (Orc:1)
  Josephine (Lair:3)
  4 hydras
  Harold (D:9)
  2 boulder beetles
  5 two-headed ogres
  Erica (D:11)
  3 catoblepae (Lair:5)
  7 death yaks (Lair:5)
  2 orc high priests (Orc:2)
  Sonja (D:11)
  A fire crab (Lair:3)
  7 orc knights
  3 cyclopes
  2 ugly things
  3 orc sorcerers
  2 manticores (Lair:5)
  9 elephants (Lair:5)
  2 black mambas
  2 unseen horrors (D:11)
  6 cane toads
  5 komodo dragons
  3 rime drakes (Lair:3)
  A tengu conjurer (D:9)
  Grinder (D:3)
  4 trolls
  A hornet (D:8)
  Prince Ribbit (D:6)
  2 polar bears (Lair:5)
  23 blink frogs
  3 slime creatures
  Sigmund (D:2)
  3 shadows
  A spriggan (D:10)
  46 yaks
  3 wyverns
  4 wraiths
  A fire elemental (D:12)
  A basilisk (Lair:5)
  2 steam dragons
  12 vampire mosquitoes
  Menkaure (D:6)
  3 wargs
  A two-headed ogre zombie (D:11)
  12 water moccasins
  8 orc warriors
  3 sky beasts (D:7)
  A black bear (D:4)
  3 ogres
  6 centaurs
  3 phantoms
  2 kobold brigands
  6 bullfrogs
  Blork the orc (D:6)
  2 necrophages (D:5)
  2 gnoll sergeants
  3 scorpions
  9 wights
  18 killer bees
  7 howler monkeys
  5 crimson imps
  A bullfrog zombie (D:5)
  A centaur zombie (D:5)
  A human zombie (D:5)
  11 orc priests
  2 hounds
  13 jellies
  An iguana (D:7)
  12 orc wizards
  Natasha (thrice) (D:4)
  A scorpion zombie (D:5)
  A killer bee zombie (D:5)
  7 ogre zombies (D:11)
  2 mummies (D:5)
  A howler monkey zombie (D:5)
  11 gnolls
  5 adders
  4 white imps
  3 ufetubi
  2 worms
  2 dart slugs (D:1)
  61 orcs
  6 bats
  10 endoplasms
  4 giant cockroaches
  7 goblins
  10 hobgoblins
  6 jackals
  15 kobolds
  4 quokkas
  7 ball pythons
  3 frilled lizards
  A goblin skeleton (D:11)
  A goblin zombie (D:11)
  A hobgoblin skeleton (D:11)
  3 hobgoblin zombies (D:11)
  An orc skeleton (D:11)
  18 orc zombies (D:11)
  3 rats (D:1)
525 creatures vanquished.

Vanquished Creatures (others)
  An orc wizard (D:5)
  9 fungi
  56 plants
66 creatures vanquished.

Grand Total: 591 creatures vanquished

Notes
Turn   | Place    | Note
-------+----------+-------------------------------------------
     0 | D:1      | GitaneMais the Gargoyle Fighter began the quest for the
                  | Orb.
     0 | D:1      | Reached XP level 1. HP: 14/14 MP: 1/1
     3 | D:1      | Noticed a merfolk zombie
    12 | D:1      | Noticed a minotaur
    14 | D:1      | Noticed a formicid
    16 | D:1      | Noticed a demonspawn zombie
    16 | D:1      | Noticed a demigod
    47 | D:1      | Reached XP level 2. HP: 19/19 MP: 2/2
   389 | D:1      | Reached XP level 3. HP: 21/23 MP: 3/3
   842 | D:1      | Found a faded altar of an unknown god.
  1124 | D:2      | Reached skill level 4 in Armour
  1249 | D:2      | Reached XP level 4. HP: 29/29 MP: 4/4
  1373 | D:2      | Noticed Sigmund
  1398 | D:2      | Killed Sigmund
  1399 | D:2      | Reached XP level 5. HP: 13/33 MP: 5/5
  1399 | D:2      | Reached XP level 6. HP: 15/38 MP: 6/6
  1940 | D:3      | Found a white marble altar of Elyvilon.
  1958 | D:3      | Noticed Grinder
  1985 | D:3      | Paralysed by Grinder for 5 turns
  1993 | D:3      | Paralysed by Grinder for 2 turns
  2003 | D:3      | Paralysed by Grinder for 2 turns
  2027 | D:3      | Paralysed by Grinder for 2 turns
  2030 | D:3      | Killed Grinder
  2031 | D:3      | Reached skill level 5 in Armour
  2031 | D:3      | Reached XP level 7. HP: 31/44 MP: 7/7
  2569 | D:3      | Found a basalt altar of Yredelemnul.
  2668 | D:3      | Found a shadowy altar of Dithmenos.
  2799 | D:4      | Found an opulent altar of Gozag.
  2979 | D:4      | Noticed Natasha
  2987 | D:4      | Killed Natasha
  3037 | D:4      | Reached skill level 6 in Armour
  3037 | D:4      | Noticed Natasha
  3050 | D:4      | Killed Natasha
  3127 | D:4      | Noticed Natasha
  3138 | D:4      | Killed Natasha
  3139 | D:4      | Reached skill level 5 in Maces & Flails
  3172 | D:4      | Found a runed translucent door.
  3173 | D:4      | Noticed Crazy Yiuf
  3634 | D:5      | Entered Level 5 of the Dungeon
  3781 | D:5      | Reached skill level 5 in Fighting
  3879 | D:5      | Reached skill level 5 in Shields
  3879 | D:5      | Reached XP level 8. HP: 49/49 MP: 8/8
  3881 | D:5      | Found an iron altar of Okawaru.
  3891 | D:5      | Found a staircase to the Ecumenical Temple.
  3915 | Temple   | Entered the Ecumenical Temple
  3926 | Temple   | Became a worshipper of the Shining One
  3951 | D:5      | Found a shimmering altar of Xom.
  4141 | D:5      | Reached skill level 1 in Invocations
  4404 | D:5      | Reached skill level 7 in Armour
  4425 | D:5      | Reached * piety under the Shining One
  4518 | D:5      | Found an ancient bone altar of Kikubaaqudgha.
  4889 | D:5      | Reached ** piety under the Shining One
  5119 | D:5      | Reached XP level 9. HP: 55/55 MP: 10/10
  5336 | D:6      | Noticed Blork the orc
  5345 | D:6      | Killed Blork the orc
  5368 | D:6      | Noticed Menkaure
  5390 | D:6      | Killed Menkaure
  5391 | D:6      | Reached skill level 8 in Armour
  5616 | D:6      | Found a bloodstained altar of Trog.
  5737 | D:6      | Noticed Prince Ribbit
  5757 | D:6      | Killed Prince Ribbit
  6309 | D:7      | Found a burning altar of Makhleb.
  6446 | D:6      | Reached skill level 9 in Armour
  6461 | D:7      | Identified the +4 trident of the Reaper {vamp, Fragile
                  | +Blink Fly Str+3 Dex+4}
  6489 | D:7      | Reached XP level 10. HP: 57/61 MP: 13/13
  6935 | D:8      | Found a staircase to the Lair.
  6955 | D:8      | Found a glowing silver altar of Zin.
  6984 | D:8      | Identified the +12 chain mail of Death's Door {rC- rN+
                  | Will+ Str+6}
  7622 | D:9      | Noticed Harold
  7647 | D:9      | Killed Harold
  7648 | D:9      | Reached skill level 10 in Armour
  7648 | D:9      | Reached skill level 5 in Invocations
  7728 | D:9      | Reached *** piety under the Shining One
  7842 | D:9      | Noticed an ice statue
  7956 | D:9      | Reached XP level 11. HP: 68/68 MP: 15/15
  7967 | D:9      | Noticed a two-headed ogre
  7986 | D:9      | Killed a two-headed ogre
  8285 | D:9      | Found the +0 staff of Battle
  8358 | D:9      | Found a sacrificial altar of Ru.
  8471 | D:10     | Entered Level 10 of the Dungeon
  8543 | D:10     | Found a snail-covered altar of Cheibriados.
  8596 | D:10     | Reached skill level 11 in Armour
  8787 | D:10     | Found a broken altar of Ashenzari.
  8835 | D:10     | Found a stormy altar of Qazlal.
  9168 | D:11     | Reached **** piety under the Shining One
  9249 | D:11     | Reached skill level 10 in Maces & Flails
  9252 | D:11     | Noticed a green ugly thing
  9267 | D:11     | Killed a green ugly thing
  9276 | D:11     | Noticed Sonja
  9286 | D:11     | Killed Sonja
  9310 | D:11     | Noticed a cyclops
  9319 | D:11     | Killed a cyclops
  9352 | D:11     | Noticed Erica
  9365 | D:11     | Killed Erica
  9507 | D:11     | Reached ***** piety under the Shining One
  9551 | D:11     | Noticed a four-headed hydra
  9563 | D:11     | Killed a four-headed hydra
  9564 | D:11     | Reached XP level 12. HP: 66/75 MP: 15/17
  9710 | D:11     | Found a staircase to the Orcish Mines.
 10038 | D:12     | Noticed a two-headed ogre
 10042 | D:12     | Noticed an eight-headed hydra
 10057 | D:11     | Killed a two-headed ogre
 10058 | D:11     | Reached skill level 12 in Armour
 10177 | D:11     | Killed an eight-headed hydra
 10178 | D:11     | Reached skill level 1 in Dodging
 10252 | D:12     | Noticed a boulder beetle
 10364 | D:11     | Killed a boulder beetle
 10660 | D:12     | Noticed a two-headed ogre
 10663 | D:12     | Noticed a two-headed ogre
 10686 | D:12     | Killed a two-headed ogre
 10722 | D:12     | Killed a two-headed ogre
 10791 | D:12     | Noticed a two-headed ogre
 10794 | D:12     | Killed a two-headed ogre
 11038 | Lair:1   | Entered Level 1 of the Lair of Beasts
 11120 | Lair:1   | Noticed Gastronok
 11123 | Lair:1   | Killed Gastronok
 11124 | Lair:1   | Reached skill level 13 in Armour
 11363 | Lair:1   | Reached XP level 13. HP: 81/81 MP: 19/19
 11739 | Lair:2   | Reached ****** piety under the Shining One
 11890 | Lair:2   | Reached skill level 10 in Fighting
 11931 | Lair:2   | Found a hole to the Spider Nest.
 11954 | Lair:2   | Found a staircase to the Swamp.
 12959 | Lair:3   | Noticed Josephine
 12963 | Lair:3   | Killed Josephine
 13268 | Lair:3   | Reached skill level 14 in Armour
 14510 | Lair:5   | Entered Level 5 of the Lair of Beasts
 14583 | Lair:5   | Found a viscous altar of Jiyva.
 14584 | Lair:5   | Found a staircase to the Slime Pits.
 14731 | Lair:5   | Gained mutation: Your large and strong wings let you fly.
                  | [Gargoyle growth]
 14731 | Lair:5   | Reached XP level 14. HP: 88/88 MP: 20/20
 14930 | Lair:5   | Reached skill level 5 in Dodging
 15018 | Lair:5   | Reached skill level 15 in Armour
 15941 | Orc:1    | Entered Level 1 of the Orcish Mines
 16036 | Orc:1    | Found a transporter.
 16254 | Orc:1    | Noticed a stone giant
 16433 | Orc:1    | Found a transporter.
 16461 | Orc:2    | Entered Level 2 of the Orcish Mines
 16461 | Orc:2    | Found Icesun's Assorted Antiques.
 16525 | Orc:1    | Reached skill level 10 in Invocations
 17326 | Orc:2    | Found a staircase to the Elven Halls.
 17354 | Orc:2    | HP: 4/90 [orc high priest/+0 halberd (8)]
 17354 | Orc:2    | The Shining One protects you from harm!
 17354 | Orc:2    | Demolished by an ice devil

Illustrated notes

Levels and vault maps discovered:
D:1:      shiori_arrival_whats_in_store_for_you, layout_basic,
          hellmonk_ecumenical_altar_lost_god, nrook_mini_backslash
D:2:      layout_loops_ring, uniq_sigmund
D:3:      layout_basic, yredelemnul_altar_generic,
          nicolae_overflow_hidden_temple, elyvilon_altar_5, uniq_grinder
D:4:      layout_basic, nicolae_overflow_crystal_walls,
          minmay_stone_trees_small, eino_tiny_chamber,
          chequers_serial_rivers_micro_d, uniq_crazy_yiuf_cottage, uniq_natasha
D:5:      layout_loops_ring, lemuel_mausoleum_altar_kikubaaqudgha, led_xom_imps,
          amcnicky_altar_gilded, minmay_temple_entry_offerings
D:6:      layout_basic, mainiacjoe_overflow_alcove_4, uniq_menkaure,
          uniq_prince_ribbit1, uniq_blork_the_orc
D:7:      layout_cave_pods, kennysheep_little_box, serial_bayou_pond_a
D:8:      layout_rooms, lemuel_doored_altar, dpeg_oklobed_lair
D:9:      lemuel_ice_statue, layout_basic, lemuel_coloured_pillars_altar,
          hellmonk_guarded_unrand_staff_of_battle, uniq_harold
D:10:     layout_irregular_city, evilmike_ruin_ashenzari, grunt_qazlal_clouds,
          slow_altar_1, hangedman_stone_soup
D:11:     layout_basic, zombieorc2_lemuel, uniq_erica, uniq_sonja
D:12:     layout_big_octagon, hellmonk_guarded_unrand_dark_maul
D:13:     layout_long_grid, portal_ice_cave_entry_ice_simulacra,
          kennysheep_generic_room_16
Temple:   nicolae_temple_two_arcs
Lair:1:   layout_concentric_octagons, chequers_serial_rivers_micro_a,
          uniq_gastronok
Lair:2:   layout_cave_pods, minmay_swamp_entry_swarm, dummy_spider_entry
Lair:3:   layout_layer_cave, uniq_josephine
Lair:4:   layout_regular_city, serial_bayou_shore_b
Lair:5:   evilmike_catoblepas_cave, layout_concentric_octagons,
          minmay_slime_entry_jelly_boxes, chequers_serial_rivers_micro_e,
          serial_bayou_lake_a
Orc:1:    emtedronai_trogs_sanctum, layout_caves, basic_altar
Orc:2:    grunt_orc_tribal_feast, layout_caves, guppyfry_orc_lava_fort

Skill      XL: |  1  2  3  4  5  6  7  8  9 10 11 12 13 14 |
---------------+-------------------------------------------+-----
Armour         | 4 5 6 7 9 10 11 13 14 15 | 15.6
Fighting       | 4 5 6 7 8 9 10 11 | 11.5
Maces & Flails | 3 4 5 6 7 9 10 11 13 14 | 14.1
Shields        | 4 5 6 7 8 |  8.6
Invocations    | 2 4 5 6 8 9 10 | 10.1
Dodging        | 3 4 5 |  5.7

Action                   |  1- 3 |  4- 6 |  7- 9 | 10-12 | 13-15 || total
-------------------------+-------+-------+-------+-------+-------++-------
Melee: Flail             |   112 |    79 |    23 |       |       ||   214
       Whip              |       |       |   836 |   192 |       ||  1028
       Mace              |       |       |       |   496 |       ||   496
       Maul              |       |       |       |    22 |   288 ||   310
Throw: Dart              |       |       |       |     1 |       ||     1
       Throwing net      |       |       |       |     1 |       ||     1
Invok: Cleansing Flame   |       |       |       |     1 |     1 ||     2
Evoke: Wand              |       |       |     1 |     8 |     2 ||    11
  Use: Potion            |       |     1 |       |     2 |     2 ||     5
       Scroll            |       |       |     7 |     9 |     5 ||    21
Armor: Scale mail        |    68 |    36 |    27 |       |       ||   131
       Chain mail        |       |       |   371 |   502 |   436 ||  1309
       Plate armour      |       |       |   131 |    25 |       ||   156
Dodge: Dodged            |    60 |    18 |   262 |   272 |   355 ||   967
Block: Buckler           |    21 |     8 |   174 |   152 |       ||   355
